Map: Ephemeron LE

Players

llllllllllll - Winner!

  • Race: Protoss Protoss
  • League: Master
  • Spawn Location: 11:00

minnovation

  • Race: Terran Terran
  • League: Master
  • Spawn Location: 5:00

VOD

Have the link to the VOD?

Description

Time

  • Played on: March 4, 2020, 1:26 p.m.
  • Length: 3:52
Show
View Real Time Build Order
Export as new Build Order

llllllllllll Protoss - Winner!

Build Orders:  

Get SALT Encoding   

  12  0:01  Probe  
  13  0:13  Probe  
  14  0:18  Pylon  
  14  0:25  Probe (Chrono Boost)  
  15  0:37  Probe (Chrono Boost)  
  15  0:39  Gateway  
  15  0:42  Probe (Chrono Boost)  
  16  0:48  Assimilator  
  17  0:54  Probe  
  18  1:06  Probe  
  19  1:18  Probe  
  19  1:21  Assimilator  
  19  1:25  Zealot (Chrono Boost)  
  20  1:27  Cybernetics Core  
  22  1:35  Pylon  
  22  1:42  Pylon  
  22  1:50  Probe  
  23  2:02  Stalker (Chrono Boost)  
  23  2:04  Pylon  
  23  2:05  Warp Gate  
  25  2:12  Shield Battery  
  25  2:23  Stalker (Chrono Boost)  
  25  2:27  Shield Battery  
  27  2:50  Probe  
  28  2:53  Robotics Facility  
  28  3:02  Stalker, Probe  
  31  3:07  Pylon  
  31  3:14  Probe  
  32  3:23  Gateway  
Show
View Real Time Build Order
Export as new Build Order

minnovation Terran 

Build Orders:  

Get SALT Encoding   

  12  0:00  SCV  
  13  0:12  SCV  
  14  0:18  Supply Depot  
  14  0:25  SCV  
  15  0:29  Refinery  
  15  0:39  SCV  
  16  0:48  Barracks  
  16  0:52  SCV  
  17  0:59  Refinery  
  17  1:09  SCV  
  18  1:20  Supply Depot  
  18  1:21  SCV  
  19  1:34  Orbital Command  
  19  1:36  Barracks Reactor  
  19  1:50  Factory  
  19  2:00  SCV  
  20  2:16  Supply Depot, SCV  
  20  2:17  Marine x2  
  23  2:28  SCV  
  24  2:36  Factory Tech Lab, Starport, Marine  
  25  2:40  SCV  
  25  2:52  SCV  
  24  3:00  Siege Tank  
  24  3:04  Marine  
  24  3:05  SCV  
  25  3:14  Marine  
  25  3:15  Starport Tech Lab  
  25  3:17  SCV  
  24  3:25  Marine  
  25  3:29  SCV  
Tags
 
Add a new tag
Caveats
  • Supply blocks, unpowered buildings, or Contaminate may cause inaccurate times.
  • Supply counts are checked every 10 seconds.